 Dungeon Crawl Stone Soup version 0.28.0-47-ge53b351184 (webtiles) character file.

Game seed: 1764611821278283977

39 seaoflcl the Covered (level 3, -1/29 HPs)
             Began as a Human Fighter on May 2, 2022.
             Succumbed to a scorpion's poison
             ... on level 3 of the Dungeon.
             The game lasted 00:02:09 (2188 turns).

seaoflcl the Covered (Human Fighter)                Turns: 2188, Time: 00:02:09

Health: -1/29      AC: 10    Str: 18    XL:     3   Next: 70%
Magic:  3/3        EV:  6    Int:  8    God:
Gold:   43         SH:  4    Dex: 12    Spells: 2/2 levels left

rFire   . . .      SeeInvis .   a - +0 long sword
rCold   . . .      Faith    .   c - +0 buckler
rNeg    . . .      Spirit   .   j - +0 chain mail
rPois   .          Reflect  .   k - +0 helmet
rElec   .          Harm     .   (no cloak)
rCorr   .          Rampage  .   (no gloves)
Will    .....                   (no boots)
Stlth   ..........              (no amulet)
HPRegen 0.09/turn               (no ring)
MPRegen 0.08/turn               (no ring)

@: mighty, lethally poisoned (-1 -> -9)
A: no striking features
a: no special abilities


You were on level 3 of the Dungeon.
You visited 1 branch of the dungeon, and saw 3 of its levels.

You collected 43 gold pieces.

Inventory:

Hand Weapons
 a - a +0 long sword (weapon)
 n - a +0 short sword
Armour
 c - a +0 buckler (worn)
 j - a +0 chain mail (worn)
 k - a +0 helmet (worn)
Jewellery
 g - an amulet of reflection
Scrolls
 b - a scroll of vulnerability
 e - a scroll of immolation
 l - a scroll of noise
 m - a scroll of torment {unknown}
 p - a scroll of fog {unknown}
Potions
 d - a potion of might
 f - 2 potions of magic
 h - a potion of haste
 i - a potion of mutation {unknown}
 o - a potion of flight {unknown}


   Skills:
 + Level 3.3 Fighting
 * Level 2.6 Long Blades
 + Level 3.3 Armour
 + Level 0.3 Dodging
 + Level 3.3 Shields


You had 2 spell levels left.
You didn't know any spells.
Your spell library was empty.

Dungeon Overview and Level Annotations

Branches:
Dungeon (3/15)

Altars:
Wu Jian

Annotations:
D:3 1 transporter


Message History

A scorpion and an adder come into view.
The adder hisses angrily.
You slash the scorpion!
The scorpion is heavily wounded.
The scorpion closely misses you.
You hit the scorpion.
The scorpion is severely wounded.
The scorpion stings you. The adder bites you.
The scorpion stings you but does no damage.
You hit the scorpion.
The scorpion is almost dead.
The adder bites you but does no damage. You block the scorpion's attack.
The adder bites you but does no damage.
You closely miss the scorpion.
The scorpion is almost dead.
The scorpion barely misses you. The adder bites you but does no damage.
The scorpion stings you but does no damage.
The adder bites you.
You closely miss the scorpion.
The scorpion is severely wounded.
The adder bites you but does no damage.
The scorpion stings you but does no damage.
You completely miss the scorpion.
The scorpion is severely wounded.
The adder closely misses you. You block the scorpion's attack.
The adder bites you but does no damage. The scorpion stings you.
You barely miss the scorpion.
The scorpion is severely wounded.
The adder bites you but does no damage. The scorpion stings you.
You are poisoned.
The scorpion poisons you!
You feel very mighty all of a sudden.
You feel very sick. You block the adder's attack. The scorpion stings you!
* * * LOW HITPOINT WARNING * * *
The adder bites you.
* * * LOW HITPOINT WARNING * * *
You closely miss the scorpion.
The scorpion is severely wounded.
You die...

##. #.. #.# #######
#.# ....... #.#
###....... #.#
#......... #.#
#.#.......
########.###.#.......
#........@s..........
#........©S..........
#..#############..###
#..#©...ZZ$....#..#
#..#...........#...#
##..#..##...##.$# #
#...#..#8...8 ..#
####
#...#..##...##..#
...####...# ..©.. #


You could see a scorpion, an adder, a howler monkey zombie and a bullfrog
skeleton.

Vanquished Creatures
  A worm (D:2)
  A dart slug (D:1)
  3 bats (D:2)
  2 endoplasms
  A giant cockroach (D:2)
  3 goblins
  A hobgoblin (D:1)
  6 jackals
  2 kobolds
  A quokka (D:1)
  4 ball pythons
  3 frilled lizards
  3 rats
31 creatures vanquished.

Vanquished Creatures (others)
  22 plants (D:2)
22 creatures vanquished.

Grand Total: 53 creatures vanquished

Notes
Turn   | Place    | Note
-------+----------+-------------------------------------------
     0 | D:1      | seaoflcl the Human Fighter began the quest for the Orb.
     0 | D:1      | Reached XP level 1. HP: 18/18 MP: 1/1
   288 | D:1      | Reached XP level 2. HP: 24/24 MP: 2/2
   406 | D:1      | Found a faded altar of an unknown god.
   407 | D:1      | Noticed a shining eye
   413 | D:1      | Noticed a golden eye
   417 | D:1      | Noticed a floating eye
   417 | D:1      | Noticed a floating eye
  1104 | D:2      | Found an ornate altar of the Wu Jian Council.
  1162 | D:2      | Reached XP level 3. HP: 29/29 MP: 3/3
  1987 | D:3      | Noticed a scorpion
  2162 | D:3      | Found a transporter.
  2187 | D:3      | HP: 1/29 [adder (1)]
  2188 | D:3      | Succumbed to a scorpion's poison

Illustrated notes

Levels and vault maps discovered:
D:1:      dpeg_arrival_central, layout_basic,
          hellmonk_ecumenical_altar_watching_god
D:2:      layout_loops_corners, basic_altar, serial_bayou_lagoon_a
D:3:      layout_loops_cross, gammafunk_ghost_mausoleum

Action                   || total
-------------------------++-------
Melee: Long sword        ||    95
  Use: Scroll            ||     5
       Potion            ||     1
Armor: Scale mail        ||    23
       Chain mail        ||    24
Dodge: Dodged            ||    41
Block: Buckler           ||    18
